 Dungeon Crawl Stone Soup version 0.28.0 (webtiles) character file.

Game seed: 678943693772287499

806 crazypyro the Cleaver (level 7, -7/59 HPs)
             Began as a Hill Orc Berserker on Feb 10, 2022.
             Was a Believer of Trog.
             Mangled by an ogre (25 damage)
             ... on level 5 of the Dungeon.
             The game lasted 00:04:46 (5705 turns).

crazypyro the Cleaver (Hill Orc Berserker)          Turns: 5705, Time: 00:04:47

Health: -7/59      AC:  7    Str: 22    XL:     7   Next: 91%
Magic:  7/7        EV: 11    Int:  7    God:    Trog [**....]
Gold:   206        SH:  0    Dex: 10    Spells: 6/6 levels left

rFire   . . .      SeeInvis .   a - +0 hand axe
rCold   . . .      Faith    .   (no shield)
rNeg    . . .      Spirit   .   i - +0 ring mail
rPois   .          Reflect  .   w - +0 helmet
rElec   .          Harm     .   (no cloak)
rCorr   .          Rampage  .   (no gloves)
Will    .....                   (no boots)
Stlth   ..........              (no amulet)
HPRegen 0.19/turn               (no ring)
MPRegen 0.10/turn               (no ring)

@: no status effects
A: no striking features
a: Renounce Religion, Berserk, Trog's Hand


You were on level 5 of the Dungeon.
You worshipped Trog.
Trog was pleased with you.
You visited 1 branch of the dungeon, and saw 5 of its levels.

You collected 206 gold pieces.

Inventory:

Hand Weapons
 a - a +0 hand axe (weapon)
Armour
 b - a +0 animal skin
 g - a +0 leather armour
 i - a +0 ring mail (worn)
 w - a +0 helmet (worn)
Jewellery
 v - a ring of see invisible
Wands
 n - a wand of mindburst (14)
Scrolls
 c - a scroll of immolation {unknown}
 e - a scroll of summoning {unknown}
 f - 3 scrolls of identify {unknown}
 h - a scroll of enchant armour {unknown}
 k - a scroll of acquirement {unknown}
 l - a scroll of fear {unknown}
 m - a scroll of amnesia {unknown}
 o - 2 scrolls of fog {unknown}
 p - a scroll of vulnerability {unknown}
 s - 2 scrolls of magic mapping {unknown}
 t - 3 scrolls of blinking {unknown}
Potions
 d - 2 potions of mutation {unknown}
 j - a potion of curing {unknown}
 q - a potion of might {unknown}
 r - a potion of brilliance {unknown}
 u - 2 potions of attraction {unknown}


   Skills:
 - Level 4.0 Fighting
 * Level 9.7 Axes
 + Level 5.6 Armour
 - Level 2.0 Dodging


You had 6 spell levels left.
You didn't know any spells.
Your spell library was empty.

Dungeon Overview and Level Annotations

Branches:
Dungeon (5/15)
 Temple: D:4-7

Altars:
Ru
Wu Jian

Shops:
D:4 [!

Annotations:
D:3 2 transporters


Message History

You feel sick.
An ogre comes into view. It is wielding a +0 giant spiked club.
You feel sick.
The ogre shouts!
An ogre is nearby!
You feel sick.
You see here 18 bolts.
You feel sick.
There is an open door here.
You feel sick.
You close the door.
You feel sick.
You feel sick.
You feel sick.
You feel sick.
You are no longer poisoned.
An ogre opens the door.
It is wielding a +0 giant spiked club.
The ogre hits you with a +0 giant spiked club!
There is an open door here.
You are too injured to fight recklessly!
You are too injured to fight recklessly!
You barely miss the ogre. The ogre barely misses you.
You hit the ogre.
The ogre is moderately wounded.
You hit the ogre.
The ogre is moderately wounded.
The ogre closely misses you.
You hit the ogre.
The ogre is heavily wounded.
The ogre closely misses you.
You hit the ogre but do no damage.
The ogre is heavily wounded.
You hit the ogre.
The ogre is heavily wounded.
The ogre hits you with a +0 giant spiked club!
You hit the ogre.
The ogre is severely wounded.
You closely miss the ogre.
The ogre is severely wounded.
The ogre hits you with a +0 giant spiked club!!
You die...

# # # ......# ......#
......# #.# ########
.....##
.....#####......##+#......
........O@......'..#......
.........#.....รท#..#......
.........#...)..#..'......
.....##..#......#..#......
##### ##.#.....##..###....
. ..#.....#.....'....
..#.....#..>..#....
###.....#######....
..............###


You could see an ogre.

Vanquished Creatures
  An ice beast (D:5)
  A black bear (D:4)
  An ogre (D:5)
  A phantom (D:4)
  2 scorpions (D:5)
  A hound (D:4)
  A centaur skeleton (D:5)
  4 iguanas (D:5)
  A hound skeleton (D:2)
  3 adders
  4 gnolls (D:4)
  An ufetubus (D:4)
  8 dart slugs
  10 orcs
  5 endoplasms
  2 giant cockroaches
  6 goblins
  8 hobgoblins
  4 jackals (D:1)
  8 kobolds
  3 quokkas
  5 ball pythons
  3 bats (D:1)
  3 rats
86 creatures vanquished.

Vanquished Creatures (others)
  2 fungi (D:1)
  5 plants
7 creatures vanquished.

Grand Total: 93 creatures vanquished

Notes
Turn   | Place    | Note
-------+----------+-------------------------------------------
     0 | D:1      | crazypyro the Hill Orc Berserker began the quest for the
                  | Orb.
     0 | D:1      | Reached XP level 1. HP: 19/19 MP: 1/1
   199 | D:1      | Reached XP level 2. HP: 27/27 MP: 2/2
   580 | D:1      | Found a faded altar of an unknown god.
   987 | D:1      | Reached XP level 3. HP: 33/33 MP: 3/3
  1525 | D:2      | Reached ** piety under Trog
  1823 | D:2      | Reached skill level 5 in Axes
  1823 | D:2      | Reached XP level 4. HP: 38/40 MP: 4/4
  2278 | D:3      | Found a transporter.
  2280 | D:3      | Noticed an ice beast
  2282 | D:3      | Found a sacrificial altar of Ru.
  2300 | D:3      | Found a transporter.
  3106 | D:4      | Reached skill level 6 in Axes
  3106 | D:4      | Reached XP level 5. HP: 34/46 MP: 5/5
  3379 | D:4      | Found Veqaevui's Distillery.
  3600 | D:4      | Found an ornate altar of the Wu Jian Council.
  3626 | D:4      | Noticed a phantom
  3662 | D:4      | Killed a phantom
  3858 | D:4      | Noticed a black bear
  3869 | D:4      | Reached XP level 6. HP: 48/52 MP: 6/6
  3879 | D:4      | Killed a black bear
  3880 | D:4      | Reached skill level 7 in Axes
  4002 | D:4      | Found Zymmolupt's Armour Shoppe.
  4494 | D:5      | Entered Level 5 of the Dungeon
  4568 | D:5      | Reached skill level 8 in Axes
  4751 | D:5      | Reached XP level 7. HP: 19/59 MP: 7/7
  5154 | D:5      | Reached skill level 5 in Armour
  5395 | D:5      | Reached skill level 9 in Axes
  5705 | D:5      | Mangled by an ogre

Illustrated notes

Levels and vault maps discovered:
D:1:      lightli_arrival_noodles, layout_basic,
          shapermc_ecumenical_altar_rom_forum, minmay_hedge_maze
D:2:      layout_basic, minmay_cut_off
D:3:      layout_loops_ring, gammafunk_temple_overflow_arena,
          serial_bayou_pond_b
D:4:      layout_loops_ring, pdpol_wu_jian_five_deadly_venoms, serial_shops,
          nicolae_shop_stone, shop, minmay_misc_feat_room
D:5:      layout_gridville, serial_co_window_serial, co_window_of_opportunity_a,
          co_window_corner_a, co_window_corner_a, co_window_corner_a,
          co_window_paths_a, co_window_broadway_c, co_window_of_opportunity_c,
          co_window_corner_ca, co_window_corner_b, co_window_corner_ca,
          co_window_corner_cb, glass_columns_a, glass_columns_c,
          glass_columns_a, glass_columns_a, uniq_sigmund

Skill      XL: |  1  2  3  4  5  6  7 |
---------------+----------------------+-----
Fighting       | 4 |  4.0
Dodging        | 2 |  2.0
Axes           | 5 6 8 9 |  9.7
Armour         | 3 4 5 |  5.6

Action                   |  1- 3 |  4- 6 |  7- 9 || total
-------------------------+-------+-------+-------++-------
Melee: Hand axe          |   118 |   234 |    73 ||   425
       Punch             |     3 |     3 |       ||     6
Invok: Trog's Hand       |       |     3 |     1 ||     4
       Berserk           |       |     2 |     1 ||     3
 Stab: Sleeping          |     1 |       |       ||     1
Armor: Animal skin       |     7 |       |       ||     7
       Ring mail         |    26 |    62 |    19 ||   107
Dodge: Dodged            |    61 |   147 |    30 ||   238
